[Event "ICC tourney 2808 (40 10)"]
[Site "Internet Chess Club"]
[Date "2022.01.29"]
[Round "5"]
[White "TOPA, RONALD:RonTopa"]
[Black "Zhong, Evan:zhangsai01"]
[Result "0-1"]
[ICCResult "White resigns"]
[WhiteElo "1228"]
[BlackElo "940"]
[Opening "QGD: Ragozin variation"]
[ECO "D38"]
[NIC "NI.27"]
[Time "20:00:23"]
[PlyCount "98"]
[TimeControl "2400+10"]

1. d4 e6 2. c4 d5 3. Nc3 Nf6 4. Nf3 Bb4 5. Bd2 c6 6. e3 Nbd7 7. Bd3 dxc4 8.
Bxc4 Nb6 9. Bd3 Nbd5 10. O-O Nxc3 11. Bxc3 Bxc3 12. bxc3 O-O 13. Bc2 Qa5 14.
Qd3 b6 15. Ne5 Ba6 16. Nc4 Bxc4 17. Qxc4 Qd5 18. Qxd5 cxd5 19. Bb3 Rac8 20.
Rac1 Ne4 21. c4 Nd2 22. Rfd1 Nxc4 23. Rc2 Nd6 24. Rdc1 Rxc2 25. Rxc2 Rc8 26.
f4 Kf8 27. Kf2 Rxc2+ 28. Bxc2 Ne4+ 29. Kf3 f5 30. h3 Ke7 31. g4 b5 32. gxf5
exf5 33. Ke2 g6 34. a3 Kd6 35. Bd3 a6 36. h4 a5 37. Bxb5 Nc3+ 38. Kd3 Nxb5
39. a4 Na3 40. Kc3 Nc4 41. Kd3 Nb2+ 42. Kc3 Nxa4+ 43. Kb3 Nb6 44. Kc3 Nc4
45. Kd3 a4 46. Kc3 Nxe3 47. Kb4 Nc2+ 48. Kxa4 Nxd4 49. Kb4 Ne2 {White
resigns} 0-1

[Event "ICC tourney 2808 (40 10)"]
[Site "Internet Chess Club"]
[Date "2022.01.29"]
[Round "5"]
[White "SISTA, HIMAJA:ChessGirl15"]
[Black "SREEKUMAR, GAYATHRI:K01-30061958"]
[Result "1-0"]
[ICCResult "Black checkmated"]
[WhiteElo "685"]
[BlackElo "933"]
[Opening "Sicilian: dragon, 6.Be3"]
[ECO "B72"]
[NIC "SI.16"]
[Time "20:00:15"]
[PlyCount "65"]
[TimeControl "2400+10"]

1. e4 c5 2. Nf3 d6 3. d4 cxd4 4. Nxd4 Nf6 5. Nc3 g6 6. Be3 Bg7 7. Bc4 O-O 8.
Bb3 Nc6 9. f3 Bd7 10. O-O Rc8 11. Qd2 Nxd4 12. Bxd4 Nh5 13. Bxg7 Kxg7 14.
Qd4+ Kg8 15. Qxa7 b6 16. Qa3 Nf4 17. Qb4 Rc6 18. Ba4 b5 19. Nxb5 Rb6 20. Qc4
Bxb5 21. Bxb5 e5 22. Rad1 Qg5 23. g3 Nh3+ 24. Kh1 Rfb8 25. Bd7 Rxb2 26. Bxh3
Qe3 27. f4 R2b4 28. Qd3 Qa7 29. fxe5 dxe5 30. Qd5 Qa3 31. Qxf7+ Kh8 32. Qf6+
Kg8 33. Be6# {Black checkmated} 1-0

[Event "ICC tourney 2808 (40 10)"]
[Site "Internet Chess Club"]
[Date "2022.01.29"]
[Round "5"]
[White "JAIN, PARINYA:StockAlpha2020"]
[Black "FILOSOFOV, VASILII:Filosofov"]
[Result "1-0"]
[ICCResult "Black resigns"]
[WhiteElo "1288"]
[BlackElo "1379"]
[Opening "French: advance, Milner-Barry gambit"]
[ECO "C02"]
[NIC "FR.03"]
[Time "20:00:29"]
[PlyCount "61"]
[TimeControl "2400+10"]

1. e4 e6 2. d4 d5 3. e5 c5 4. c3 Qb6 5. Nf3 Nc6 6. Bd3 cxd4 7. cxd4 Bd7 8.
Bc2 Bb4+ 9. Nc3 f6 10. O-O fxe5 11. dxe5 Nge7 12. a3 Bc5 13. Na4 Qc7 14.
Nxc5 O-O-O 15. Ng5 Nxe5 16. Ngxe6 Qd6 17. Nxd8 Qxc5 18. Be3 Qd6 19. f4 Bg4
20. Qd4 Qxd8 21. fxe5 Be6 22. Rac1 Nc6 23. Ba4 Kd7 24. Qb4 Ke8 25. Qxb7 Bd7
26. Bxc6 Bxc6 27. Qxc6+ Qd7 28. Qc8+ Qd8 29. Bg5 Qxc8 30. Rxc8+ Kd7 31. Rxh8
{Black resigns}
1-0

[Event "ICC tourney 2808 (40 10)"]
[Site "Internet Chess Club"]
[Date "2022.01.29"]
[Round "5"]
[White "SUNDARAM, SREE:SreeVSundaram"]
[Black "ASHOK, AMUDHAN:amudhanashok"]
[Result "1-0"]
[ICCResult "Black checkmated"]
[WhiteElo "1180"]
[BlackElo "963"]
[Opening "QGD Slav defense: exchange variation"]
[ECO "D10"]
[NIC "SL.01"]
[Time "20:00:14"]
[PlyCount "55"]
[TimeControl "2400+10"]

1. d4 d5 2. c4 c6 3. cxd5 cxd5 4. Bf4 Bf5 5. Nc3 Nc6 6. e3 a6 7. Nf3 Nf6 8.
Be2 e6 9. O-O Bd6 10. Bxd6 Qxd6 11. Rc1 O-O 12. a3 Rac8 13. b4 b5 14. Re1
Rfe8 15. Bd3 Bg6 16. Bxg6 hxg6 17. e4 dxe4 18. Nxe4 Nxe4 19. Rxe4 Qd5 20.
Re2 Qb3 21. Qxb3 Nxd4 22. Rxc8 Rxc8 23. Qd1 Nxf3+ 24. gxf3 Rc3 25. Qd8+ Kh7
26. Rd2 Rxf3 27. Qh4+ Kg8 28. Rd8# {Black checkmated} 1-0

[Event "ICC tourney 2808 (40 10)"]
[Site "Internet Chess Club"]
[Date "2022.01.29"]
[Round "5"]
[White "SISTA, SAI VIJAY HIMAGHNA:Chessboy5"]
[Black "HUANG, TERRY TIANYI:hhuangterry"]
[Result "1-0"]
[ICCResult "Black checkmated"]
[WhiteElo "1263"]
[BlackElo "1177"]
[Opening "Queen's pawn: London system"]
[ECO "A45"]
[NIC "QP.07"]
[Time "20:00:13"]
[PlyCount "73"]
[TimeControl "2400+10"]

1. d4 Nf6 2. Bf4 d5 3. e3 e6 4. c3 Bd6 5. Bg3 c5 6. Bd3 Nc6 7. Nf3 O-O 8.
Nbd2 c4 9. Bc2 b5 10. Ne5 Bb7 11. Qf3 Qc7 12. Bf4 Nxe5 13. dxe5 Bxe5 14.
Bxe5 Qxe5 15. Qh3 Qh5 16. Qg3 Qg4 17. Nf3 Qxg3 18. hxg3 h6 19. Ne5 Rfd8 20.
g4 Nd7 21. Nf3 f6 22. Kd2 Nc5 23. Nh4 a5 24. Ng6 b4 25. Ke2 e5 26. Bf5 d4
27. exd4 exd4 28. cxd4 Rxd4 29. Rhd1 Re8+ 30. Kf1 Rxd1+ 31. Rxd1 Be4 32. f3
Bd3+ 33. Kg1 Re2 34. b3 Bxf5 35. gxf5 cxb3 36. Rd8+ Kf7 37. Rf8#
{Black checkmated}
1-0

[Event "ICC tourney 2808 (40 10)"]
[Site "Internet Chess Club"]
[Date "2022.01.29"]
[Round "5"]
[White "LIU, JOSHUA:JoshuaJMLiu"]
[Black "CHANDRANI, AADI:soreairplane"]
[Result "0-1"]
[ICCResult "White resigns"]
[WhiteElo "909"]
[BlackElo "1434"]
[Opening "Sicilian defense"]
[ECO "B30"]
[NIC "SI.31"]
[Time "20:00:20"]
[PlyCount "112"]
[TimeControl "2400+10"]

1. e4 c5 2. Nf3 Nc6 3. c3 e6 4. d4 cxd4 5. cxd4 d5 6. e5 Bb4+ 7. Nc3 Nge7 8.
Bd2 Nf5 9. a3 Ba5 10. b4 Bb6 11. Be3 O-O 12. Bb5 f6 13. Bxc6 bxc6 14. O-O
fxe5 15. Nxe5 Bd7 16. Qd2 Nxe3 17. Qxe3 Qc7 18. Ne2 Rae8 19. Rfd1 a6 20. Ng3
Rc8 21. Rd3 Be8 22. Ng4 Qf7 23. Rf1 Bd8 24. Ne5 Qf4 25. Qe2 Bc7 26. Nh5 Bxh5
27. Qxh5 Bxe5 28. dxe5 Qf5 29. Qxf5 Rxf5 30. Re1 Kf7 31. f3 h5 32. Kf2 g5
33. h3 g4 34. h4 Kg6 35. Rc1 Rxe5 36. f4 Re4 37. g3 e5 38. Rxd5 cxd5 39.
Rxc8 exf4 40. Rc6+ Kf5 41. Rxa6 fxg3+ 42. Kxg3 Re3+ 43. Kf2 Rf3+ 44. Kg2 d4
45. Ra5+ Ke4 46. Ra7 d3 47. Rd7 d2 48. Rxd2 Rxa3 49. Rb2 Ra6 50. Kg3 Rb6 51.
Rb3 Kd4 52. Kf4 Kc4 53. Rb1 Rxb4 54. Rxb4+ Kxb4 55. Kg5 g3 56. Kf4 g2
{White resigns}
0-1

[Event "ICC tourney 2808 (40 10)"]
[Site "Internet Chess Club"]
[Date "2022.01.29"]
[Round "5"]
[White "BRUDNO, STEPHEN:StevChess01"]
[Black "RAMANATHAN, VARUN:Grasshopper411"]
[Result "1-0"]
[ICCResult "Black checkmated"]
[WhiteElo "1440"]
[BlackElo "1062"]
[Opening "QGD Slav: 3.Nf3"]
[ECO "D11"]
[NIC "SL.01"]
[Time "20:00:28"]
[PlyCount "99"]
[TimeControl "2400+10"]

1. d4 d5 2. c4 c6 3. Nf3 Bf5 4. cxd5 cxd5 5. Qb3 Nf6 6. Qxb7 Nbd7 7. Nc3 e6
8. Bf4 Be7 9. Bc7 Qc8 10. Qxc8+ Rxc8 11. Bg3 O-O 12. e3 Nb6 13. Nd2 Bb4 14.
Ba6 Bxc3 15. bxc3 Rxc3 16. O-O Ra3 17. Bb5 h6 18. Bd6 Rd8 19. Bxa3 Ne4 20.
Nxe4 Bxe4 21. Rfc1 a5 22. Rc7 Rb8 23. f3 Bg6 24. Rac1 Kh7 25. Bd6 Rd8 26.
Bg3 Kh8 27. Rb7 Nc4 28. Bxc4 Rc8 29. Rc7 Rxc7 30. Bxc7 dxc4 31. Rxc4 Kh7 32.
Bxa5 Bd3 33. Rc7 Kg6 34. a4 Ba6 35. Bb6 Bd3 36. a5 Kf6 37. Rc3 Be2 38. Ra3
Ba6 39. Bc7 Kg6 40. Be5 f5 41. Rc3 Kf7 42. Rc7+ Kg6 43. Rxg7+ Kh5 44. Bf6
Be2 45. Kf2 Bxf3 46. Kxf3 e5 47. Bxe5 Kh4 48. Rg3 Kh5 49. Kf4 Kh4 50. Rh3#
{Black checkmated}
1-0

[Event "ICC tourney 2808 (40 10)"]
[Site "Internet Chess Club"]
[Date "2022.01.29"]
[Round "5"]
[White "Bharathy Mohan, Aarav Sai:aaravbm"]
[Black "ARI, SRINANDASAI:srinandasai12"]
[Result "0-1"]
[ICCResult "White resigns"]
[WhiteElo "896"]
[BlackElo "1168"]
[Opening "King's Indian: East Indian defense"]
[ECO "A48"]
[NIC "QP.06"]
[Time "20:00:23"]
[PlyCount "94"]
[TimeControl "2400+10"]

1. d4 Nf6 2. Nf3 g6 3. Nc3 Bg7 4. Bf4 O-O 5. e4 d6 6. Bc4 c5 7. d5 a6 8. O-O
b5 9. Bd3 b4 10. Ne2 Nh5 11. Bc1 Qc7 12. Bc4 Nf6 13. Ng3 Nbd7 14. Rb1 Nb6
15. Be2 Bd7 16. b3 a5 17. Bd2 a4 18. h3 e6 19. dxe6 fxe6 20. Re1 Bc6 21. Bd3
Nfd7 22. Qc1 Ne5 23. Nxe5 Bxe5 24. Bh6 Rf7 25. Ne2 d5 26. Bd2 dxe4 27. Bc4
Nxc4 28. bxc4 Raf8 29. Be3 Bb7 30. Rd1 Ba6 31. a3 Bxc4 32. axb4 Bxe2 33. Rd2
Bb5 34. Bxc5 Rd8 35. Rxd8+ Qxd8 36. Qe1 Qa8 37. Rd1 Rd7 38. Rxd7 Bxd7 39.
Qd2 Qd5 40. Qc1 a3 41. g3 a2 42. Qh6 a1=Q+ 43. Kh2 Bg7 44. Qh4 Qf6 45. Qg4
Qdf5 46. Qd1 Qd5 47. Qa1 Qxa1 {White resigns} 0-1

[Event "ICC tourney 2808 (40 10)"]
[Site "Internet Chess Club"]
[Date "2022.01.29"]
[Round "5"]
[White "Goldblatt, Steven:SGOLD9367"]
[Black "Sreekumar, Gauri:gsgirl"]
[Result "1-0"]
[ICCResult "Black resigns"]
[WhiteElo "1348"]
[BlackElo "1448"]
[Opening "QGD: Harrwitz attack"]
[ECO "D30"]
[NIC "QP.08"]
[Time "20:00:31"]
[PlyCount "53"]
[TimeControl "2400+10"]

1. d4 d5 2. c4 e6 3. Bf4 Nf6 4. Nc3 c5 5. cxd5 cxd4 6. Qxd4 Nc6 7. Qc4 exd5
8. Qd3 Nb4 9. Qd2 Bf5 10. Rc1 Rc8 11. Nf3 Nc2+ 12. Rxc2 Bxc2 13. Qxc2 d4 14.
Qa4+ Nd7 15. Qxd4 Qf6 16. Qe3+ Be7 17. Bg5 Qe6 18. Qxe6 fxe6 19. Bxe7 Kxe7
20. e3 Rhd8 21. Be2 Nc5 22. O-O Nd3 23. Bxd3 Rxd3 24. Rc1 Rcd8 25. Kf1 a6
26. Ke2 b5 27. Nd4 {Black resigns} 1-0

[Event "ICC tourney 2808 (40 10)"]
[Site "Internet Chess Club"]
[Date "2022.01.29"]
[Round "5"]
[White "HAMLETT, JAMES MORRISON:Hamlett144"]
[Black "TOUS, SEBASTIAN:SeaBiscuit12"]
[Result "1-0"]
[ICCResult "Black resigns"]
[WhiteElo "1276"]
[BlackElo "1014"]
[Opening "Caro-Kann: advance variation"]
[ECO "B12"]
[NIC "CK.04"]
[Time "20:00:22"]
[PlyCount "81"]
[TimeControl "2400+10"]

1. e4 c6 2. d4 d5 3. e5 Bf5 4. f4 e6 5. Be2 c5 6. c3 Nc6 7. Nf3 Qb6 8. O-O
Be7 9. Na3 a6 10. Bd3 Nh6 11. Bxf5 Nxf5 12. Nc2 Rc8 13. g4 Nh6 14. h3 Kd7
15. Ng5 f6 16. exf6 gxf6 17. Nxe6 Kxe6 18. f5+ Kd7 19. Bxh6 Rhg8 20. Ne3
cxd4 21. Nxd5 Qc5 22. Nxe7 Qxe7 23. Re1 Qd6 24. Qd3 Ne5 25. Qe4 Rc6 26. cxd4
Nxg4 27. Qe6+ Qxe6 28. fxe6+ Ke7 29. hxg4 Rxg4+ 30. Kf2 Rc2+ 31. Re2 Rxe2+
32. Kxe2 Rxd4 33. Rc1 Kxe6 34. Rc7 Rb4 35. b3 Re4+ 36. Kf3 Rh4 37. Bf4 Kf5
38. Bg3 Rh3 39. Rxb7 h5 40. Rb4 Rh1 41. Ra4 {Black resigns} 1-0

[Event "ICC tourney 2808 (40 10)"]
[Site "Internet Chess Club"]
[Date "2022.01.29"]
[Round "5"]
[White "YOUNG, BRUCE:Brucehero"]
[Black "SUNDARAM, KAVIN:weirdchicken"]
[Result "0-1"]
[ICCResult "White resigns"]
[WhiteElo "1234"]
[BlackElo "876"]
[Opening "Scandinavian (center counter) defense"]
[ECO "B01"]
[NIC "SD.01"]
[Time "20:00:20"]
[PlyCount "136"]
[TimeControl "2400+10"]

1. e4 d5 2. exd5 Qxd5 3. Nc3 Qa5 4. d4 c6 5. Nf3 Bf5 6. Bd3 Nd7 7. a3 Bg4 8.
h3 Bh5 9. Bf4 e6 10. O-O Ngf6 11. Re1 Nd5 12. Nxd5 Qxd5 13. Be4 Qb5 14. b4
Nf6 15. Bd3 Qd5 16. Be2 Ne4 17. c4 Qf5 18. Bd2 Qf6 19. Ne5 Qxf2+ 20. Kh1 Bd6
21. Bxh5 Ng3+ 22. Kh2 Bxe5 23. Rxe5 Qxd4 24. Qe1 Nf1+ 25. Qxf1 Qxe5+ 26. Bf4
Qxh5 27. Bd6 Rd8 28. c5 Qf5 29. Qxf5 exf5 30. Re1+ Kd7 31. Re7+ Kc8 32. Rc7+
Kb8 33. Rxf7+ Ka8 34. Rxg7 Rde8 35. Be7 h6 36. h4 Rhg8 37. Rxg8 Rxg8 38. g3
Re8 39. Bd6 Re3 40. Bf4 Rxa3 41. Bxh6 Rb3 42. h5 Rxb4 43. Bg7 Rg4 44. h6 Rg5
45. Kh3 Rh5+ 46. Kg2 a5 47. Kf3 a4 48. g4 fxg4+ 49. Kxg4 Rh1 50. Kf5 a3 51.
Kg6 Rg1+ 52. Kf7 Rh1 53. Kg6 Ka7 54. h7 Rxh7 55. Kxh7 Ka6 56. Kg6 Kb5 57.
Kf5 Kxc5 58. Ke4 Kc4 59. Ke5 b5 60. Ke4 b4 61. Ke3 Kb3 62. Kd2 c5 63. Kc1
Ka2 64. Kc2 b3+ 65. Kc1 b2+ 66. Kc2 b1=Q+ 67. Kc3 Qb2+ 68. Kc4 Qxg7
{White resigns}
0-1

[Event "ICC tourney 2808 (40 10)"]
[Site "Internet Chess Club"]
[Date "2022.01.29"]
[Round "5"]
[White "CHANG, ALEXANDER:Elatedbook"]
[Black "AHN, WILLIAM TK:kitook"]
[Result "1-0"]
[ICCResult "Black resigns"]
[WhiteElo "1226"]
[BlackElo "1045"]
[Opening "Four knights: Spanish variation"]
[ECO "C48"]
[NIC "KP.03"]
[Time "20:00:32"]
[PlyCount "137"]
[TimeControl "2400+10"]

1. e4 e5 2. Nf3 Nc6 3. Nc3 Nf6 4. Bb5 d6 5. d4 exd4 6. Nxd4 Bd7 7. Bg5 Be7
8. O-O O-O 9. Re1 Nxe4 10. Bxe7 Nxc3 11. Nxc6 Nxd1 12. Nxd8 Bxb5 13. Bxf8
Kxf8 14. Raxd1 Rxd8 15. Rd4 d5 16. Red1 c6 17. c4 Ba6 18. cxd5 cxd5 19. Rxd5
Re8 20. Rd8 Ke7 21. Rxe8+ Kxe8 22. f4 Ke7 23. Kf2 Ke6 24. Ke3 f5 25. Kd4 h6
26. h3 g5 27. Re1+ Kf6 28. fxg5+ hxg5 29. g3 b6 30. h4 gxh4 31. gxh4 Kg6 32.
Re5 Bc8 33. Re7 a6 34. Rc7 Kh5 35. Rxc8 Kxh4 36. Rf8 Kg4 37. Kd5 f4 38. Kc6
f3 39. Kxb6 Kg3 40. Kxa6 f2 41. b4 Kg2 42. b5 f1=Q 43. Rxf1 Kxf1 44. b6 Ke2
45. b7 Kd3 46. b8=Q Ke3 47. Qd6 Ke4 48. Qc5 Kf4 49. Qd5 Ke3 50. Qc4 Kf3 51.
Qd4 Kg3 52. Qe4 Kf2 53. Qd3 Kg2 54. Qe3 Kh2 55. Qf3 Kg1 56. Kb5 Kh2 57. Kc4
Kg1 58. Kd3 Kh2 59. Ke2 Kg1 60. Ke3 Kh2 61. Qe2+ Kg3 62. Qf2+ Kg4 63. Ke4
Kg5 64. Qf3 Kg6 65. Qf4 Kg7 66. Qf5 Kg8 67. Qd7 Kf8 68. Kf5 Kg8 69. Kg6
{Black resigns}
1-0

[Event "ICC tourney 2808 (40 10)"]
[Site "Internet Chess Club"]
[Date "2022.01.29"]
[Round "5"]
[White "Jones, Richard S:weakfish"]
[Black "Nagarajan, Ramesh:rnagaraj"]
[Result "1-0"]
[ICCResult "Black checkmated"]
[WhiteElo "1422"]
[BlackElo "1201"]
[Opening "Ruy Lopez: old Steinitz defense"]
[ECO "C62"]
[NIC "RL.02"]
[Time "20:00:18"]
[PlyCount "119"]
[TimeControl "2400+10"]

1. e4 e5 2. Nf3 Nc6 3. Bb5 d6 4. h3 Be7 5. O-O Nf6 6. d3 O-O 7. Nc3 Bd7 8.
Bg5 h6 9. Bh4 a6 10. Bxf6 Bxf6 11. Ba4 b5 12. Bb3 Na5 13. Qd2 Nxb3 14. axb3
c6 15. Ne2 Re8 16. Qa5 Qc8 17. Qb4 Qc7 18. Qd2 d5 19. Ng3 Red8 20. Ra2 Be6
21. Rfa1 Bc8 22. Qc3 d4 23. Qe1 c5 24. Ra5 Bb7 25. Qd2 Re8 26. Rf1 Bd8 27.
Raa1 Qc6 28. Rac1 c4 29. bxc4 bxc4 30. Nf5 Bc8 31. Ng3 c3 32. bxc3 Ba5 33.
Ne2 Bb7 34. Ra1 Qc5 35. cxd4 Bxd2 36. dxc5 Bb4 37. Rfb1 Bxc5 38. Rxb7 a5 39.
Rb5 Bd4 40. Nexd4 exd4 41. Nxd4 a4 42. Rb2 Red8 43. Ne2 a3 44. Rba2 Rdc8 45.
c4 Rab8 46. Rxa3 Rb2 47. Nf4 g5 48. Nd5 Rcb8 49. Rd1 Rc2 50. Ne3 Re2 51. c5
Rbb2 52. Rf1 Rbc2 53. d4 Rcd2 54. d5 Kf8 55. c6 Ke7 56. Ra7+ Kd8 57. Rxf7
Rb2 58. Rh7 Rb4 59. d6 Rd4 60. Rh8# {Black checkmated} 1-0

[Event "ICC tourney 2808 (40 10)"]
[Site "Internet Chess Club"]
[Date "2022.01.29"]
[Round "5"]
[White "ZHANG, FRED:Fredzhang"]
[Black "WESLEY, GEORGE:Maglars"]
[Result "1-0"]
[ICCResult "Black resigns"]
[WhiteElo "1494"]
[BlackElo "1227"]
[Opening "Scandinavian (center counter) defense"]
[ECO "B01"]
[NIC "SD.01"]
[Time "20:00:35"]
[PlyCount "139"]
[TimeControl "2400+10"]

1. e4 d5 2. exd5 Qxd5 3. Nc3 Qa5 4. Nf3 c6 5. d3 Bf5 6. Bd2 e6 7. Nd4 Qc7 8.
Nxf5 exf5 9. Be2 Nd7 10. O-O O-O-O 11. Bf3 Ngf6 12. g3 Bd6 13. d4 h5 14. Bg5
Rdg8 15. d5 c5 16. Bxf6 gxf6 17. Bxh5 Rh7 18. Nb5 Qb8 19. Nxd6+ Qxd6 20. Bf3
Ne5 21. Bg2 Ng6 22. f4 Rhg7 23. Bh3 Kb8 24. Qf3 Nh4 25. Qe3 Qxd5 26. Kf2 Ng6
27. Rad1 Qc6 28. Bxf5 Re8 29. Qf3 Qb6 30. Qb3 Qc7 31. Rfe1 Rh8 32. h4 c4 33.
Qb4 Nxh4 34. Rd7 Qb6+ 35. Qxb6 axb6 36. gxh4 Rxh4 37. Kf3 Ka7 38. Ree7 Ka6
39. Rxb7 Rh2 40. Ra7+ Kb5 41. Rxf7 Rgg2 42. Rxf6 Rf2+ 43. Ke4 Re2+ 44. Kd5
Rd2+ 45. Ke6 Rhf2 46. Kf7 Kc5 47. Rc7+ Kb5 48. Rcc6 Rxf4 49. Rxb6+ Kc5 50.
Rfc6+ Kd4 51. Rd6+ Ke3 52. Rxd2 Kxd2 53. Kf6 Rh4 54. a4 Rh8 55. a5 Rf8+ 56.
Kg5 Rg8+ 57. Kf4 Ra8 58. a6 Ke2 59. Be4 Rf8+ 60. Ke5 Re8+ 61. Kd5 Ke3 62.
Bg6 Rc8 63. a7 Ra8 64. Ra6 Kf4 65. Kc6 Kg5 66. Kb7 Rg8 67. a8=Q Rg7+ 68. Kb6
Rxg6+ 69. Kb5 Rd6 70. Rxd6 {Black resigns} 1-0

[Event "ICC tourney 2808 (40 10)"]
[Site "Internet Chess Club"]
[Date "2022.01.29"]
[Round "5"]
[White "SATHYAN, TEJESH MAYURAN:tjsathyan"]
[Black "SCHWARTZ, DOUGLAS S:Douglas1"]
[Result "1-0"]
[ICCResult "Black checkmated"]
[WhiteElo "1169"]
[BlackElo "1393"]
[Opening "Ruy Lopez: Classical defense deferred"]
[ECO "C70"]
[NIC "RL.09"]
[Time "20:00:15"]
[PlyCount "147"]
[TimeControl "2400+10"]

1. e4 e5 2. Nf3 Nc6 3. Bb5 a6 4. Ba4 Bc5 5. Nxe5 Bxf2+ 6. Kxf2 Nxe5 7. d3 b5
8. Bb3 Qf6+ 9. Ke1 Ne7 10. c3 O-O 11. g3 d6 12. Bf4 N7g6 13. Rf1 Nxf4 14.
Rxf4 Qh6 15. h4 Qg6 16. Kf2 Ng4+ 17. Kg1 Ne5 18. Kh2 Bg4 19. Qf1 Be6 20. d4
Ng4+ 21. Kg1 Nf6 22. Qd3 Nh5 23. Rf3 a5 24. Bxe6 fxe6 25. Kh2 Qg4 26. Nd2
Rxf3 27. Qxf3 Qxf3 28. Nxf3 h6 29. Rf1 b4 30. Rf2 bxc3 31. bxc3 Nf6 32. Re2
Rb8 33. e5 d5 34. exf6 gxf6 35. Kg2 Kf7 36. Kf2 Rb1 37. Rc2 a4 38. Nd2 Rh1
39. Nf1 e5 40. Kg2 Rxf1 41. Kxf1 e4 42. Kf2 Ke6 43. Re2 a3 44. Re1 Kf5 45.
Rg1 Kg4 46. Ke3 f5 47. Rf1 c6 48. Rf4+ Kxg3 49. Rxf5 Kxh4 50. Rf6 Kg5 51.
Rxc6 h5 52. Rd6 h4 53. Rxd5+ Kg4 54. Kf2 Kf4 55. Rd8 e3+ 56. Ke2 Kg3 57.
Kxe3 h3 58. Rh8 h2 59. Rxh2 Kxh2 60. d5 Kg3 61. d6 Kg4 62. d7 Kg3 63. d8=Q
Kg4 64. Qa5 Kg3 65. Qxa3 Kg4 66. Qb4+ Kg3 67. a4 Kg2 68. a5 Kh1 69. a6 Kg2
70. a7 Kg1 71. a8=Q Kh2 72. Qg8 Kh3 73. Qbg4+ Kh2 74. Qh4# {Black
checkmated} 1-0

[Event "ICC tourney 2808 (40 10)"]
[Site "Internet Chess Club"]
[Date "2022.01.29"]
[Round "5"]
[White "Steviejay"]
[Black "Hua, Joshua:lovealek"]
[Result "1-0"]
[ICCResult "Black resigns"]
[WhiteElo "1000"]
[BlackElo "493"]
[Opening "King's Indian: Torre attack"]
[ECO "A48"]
[NIC "QP.01"]
[Time "20:00:23"]
[PlyCount "135"]
[TimeControl "2400+10"]

1. d4 Nf6 2. Nf3 g6 3. Bg5 Bg7 4. Nbd2 O-O 5. e4 d5 6. e5 Ne4 7. Nxe4 dxe4
8. Ng1 Be6 9. c3 Nc6 10. Qc2 Qd5 11. Ne2 Bf5 12. Be3 a6 13. Ng3 e6 14. Nxf5
exf5 15. Be2 Rfe8 16. O-O Rab8 17. b3 Qd7 18. Rad1 Rbc8 19. Qd2 Rcd8 20. Qc2
b6 21. Bg5 Rc8 22. Qd2 b5 23. b4 Qd5 24. Qb2 Rb8 25. a3 Rb6 26. Rd2 Rbb8 27.
Rfd1 Rb6 28. Qc2 Rbb8 29. c4 bxc4 30. Bxc4 Qd7 31. Qb3 Rf8 32. Qa4 Rb6 33.
Qc2 Ra8 34. Bf4 Rf8 35. Qc3 Ra8 36. d5 Ne7 37. Qg3 Rf8 38. Bg5 Qe8 39. Bf6
Bxf6 40. exf6 Rxf6 41. Bxa6 Rxa6 42. Qxc7 Ra8 43. d6 Nc8 44. d7 Qd8 45. Qxd8
Rxd8 46. dxc8=Q Rdxc8 47. Ra2 Rc3 48. g3 Raxa3 49. Rxa3 Rxa3 50. Rb1 Ra7 51.
b5 Rb7 52. b6 Kg7 53. Kf1 Kf8 54. Ke2 Ke7 55. Ke3 Kd8 56. Kd4 Kc8 57. Ke5
Kd7 58. Kd5 h5 59. h4 Kc8 60. Kc6 Kb8 61. Rd1 Rxb6+ 62. Kxb6 Kc8 63. Kc6 Kb8
64. Rd7 f6 65. Rf7 g5 66. Rxf6 gxh4 67. gxh4 f4 68. Rxf4 {Black resigns} 1-0